 Dungeon Sprint DCSS version 0.18.1-50-g88ac8fd (webtiles) character file.

0 saintsgambit the Covered (level 2, -1/28 HPs)
             Began as a Minotaur Fighter on Sept 24, 2016.
             Was an Initiate of Okawaru.
             Slain by a water moccasin (4 damage)
             ... in the Dungeon (Sprint VI: "Thunderdome").
             The game lasted 00:01:34 (91 turns).

saintsgambit the Covered (Minotaur Fighter)           Turns: 91, Time: 00:01:35

Health: -1/28      AC:  7    Str: 20    XL:     2   Next: 6%
Magic:  1/1        EV:  7    Int:  5    God:    Okawaru [......]
Gold:   200        SH:  9    Dex:  9    Spells: 0 memorised, 1 level left

rFire  . . .     SeeInvis .     a - +0 war axe
rCold  . . .     Gourm    .     b - +0 scale mail
rNeg   . . .     Faith    .     c - +0 shield
rPois  .         Spirit   .     (helmet restricted)
rElec  .         Dismiss  .     (no cloak)
rCorr  .         Reflect  .     (no gloves)
SustAt .         Harm     .     (no boots)
MR     .....     NoTele   +     (no amulet)
Stlth  ..........               (no ring)
                                (no ring)

@: lethally poisoned (-1 -> -22), not resistant to hostile enchantments,
extremely unstealthy
A: retaliatory headbutt, horns 2
a: Renounce Religion


You were in the Dungeon.
You worshipped Okawaru.
Okawaru was noncommittal.
You were not hungry.

You visited 1 branch You collected 200 gold pieces.

Inventory:

Hand Weapons
 a - a +0 war axe (weapon)
Armour
 b - a +0 scale mail (worn)
 c - a +0 shield (worn)
Wands
 m - a wand of acid (5/15)
 n - a wand of iceblast (5/15)
Scrolls
 k - 4 scrolls of blinking
 o - 3 scrolls of fog
Potions
 d - a potion of might
 g - 3 potions of heal wounds
 h - 4 potions of haste
 i - 2 potions of magic
 j - a potion of berserk rage
 l - a potion of resistance
Comestibles
 f - a bread ration


   Skills:
 + Level 4.3 Fighting
 + Level 2.8 Axes
 + Level 4.6 Armour
 + Level 0.2 Dodging
 + Level 4.6 Shields


You had one spell level left.
You didn't know any spells.

Dungeon Overview and Level Annotations

Branches:
Dungeon (1/1)

Altars:
Cheibriados
Dithmenos
Fedhas
Gozag
Kikubaaqudgha
Makhleb
Okawaru
Pakellas
Qazlal
Ru
Sif Muna
Trog
Vehumet
Xom
Yredelemnul
Zin
The Shining One
Jiyva
Lugonu

Shops:
D *[%??*?*:[((!!!!


Innate Abilities, Weirdness & Mutations

You reflexively headbutt those who attack you in melee.
You have a pair of horns on your head.


Message History

You feel very sick. The water moccasin barely misses you.
The water moccasin bites you. The water moccasin barely misses you.
You barely miss the water moccasin.
Your headbutt misses the water moccasin.
The water moccasin is severely wounded.
You feel very sick. You block the water moccasin's attack.
Okay, then.
You miss the water moccasin.
The water moccasin is severely wounded.
You feel sick. You block the water moccasin's attack.
The water moccasin bites you.
* * * LOW HITPOINT WARNING * * *
You closely miss the water moccasin.
The water moccasin is severely wounded.
* * * LOW HITPOINT WARNING * * *
You feel very sick. You block the water moccasin's attack.
The water moccasin bites you.
You die...

#_......._# #_........#
###.........###
#⌠...........⌠#
######.8.........8.######
#∩___......###.....†.__∩##
∩........8.# #.8........∩###
...........###SS...........##
........###..@###..........⌠#
........# #.<.# #..........⌠#
........###...###..........⌠#
...........###.............##
∩........8.# #.8........∩###
#∩_._......###......___∩##
######.8.........8.######
#⌠...........⌠#
###.........###


You could see a water moccasin and a ball python.

Vanquished Creatures
  An adder (D)
  A ball python (D)
2 creatures vanquished.

Notes
Turn   | Place    | Note
--------------------------------------------------------------
     0 | D        | saintsgambit the Minotaur Fighter began the quest for the Orb.
     0 | D        | Reached XP level 1. HP: 19/19 MP: 0/0
     0 | D        | Found a deep blue altar of Sif Muna.
     0 | D        | Found a shimmering altar of Xom.
     1 | D        | Found a stormy altar of Qazlal.
     1 | D        | Found an opulent altar of Gozag.
     2 | D        | Found a sacrificial altar of Ru.
     2 | D        | Found a basalt altar of Yredelemnul.
     3 | D        | Found Oxoxzeof's Bee Food.
     3 | D        | Found a snail-covered altar of Cheibriados.
     3 | D        | Found Hafischei's Identification Station.
     4 | D        | Found Ogam's Jewellery.
     4 | D        | Found Kynyi's Advanced Armour.
     5 | D        | Round 1.
     6 | D        | Found a shadowy altar of Dithmenos.
    12 | D        | Found a radiant altar of Vehumet.
    12 | D        | Found a blossoming altar of Fedhas.
    13 | D        | Found a bloodstained altar of Trog.
    13 | D        | Found an iron altar of Okawaru.
    14 | D        | Found a viscous altar of Jiyva.
    14 | D        | Found a corrupted altar of Lugonu.
    15 | D        | Found Afaxt's Do-It-Yourself Clinic.
    15 | D        | Found an oddly glowing altar of Pakellas.
    15 | D        | Found Jon Bome's Distillery.
    16 | D        | Found Rian's Bottled Wisdom.
    16 | D        | Found Nyagg's Distillery.
    21 | D        | Reached XP level 2. HP: 24/28 MP: 1/1
    26 | D        | Found a glowing golden altar of the Shining One.
    38 | D        | Found a glowing silver altar of Zin.
    39 | D        | Found a burning altar of Makhleb.
    39 | D        | Found Koobriex's Weapon Rack.
    39 | D        | Found Ojosheci's Premium Goods.
    40 | D        | Found Qimae's Basic Armour.
    40 | D        | Found Hufyfani's Miscellaneous Merchandise.
    45 | D        | Became a worshipper of Warmaster Okawaru
    63 | D        | Found an ancient bone altar of Kikubaaqudgha.
    64 | D        | Found Ravirr's Magic Scroll Shop.
    64 | D        | Found Ruhan's Staff Store.
    65 | D        | Found Xonenk's Magic Scroll Shop.
    65 | D        | Found Icim's Must-Have Magic.
    72 | D        | Noticed a water moccasin
    91 | D        | Slain by a water moccasin

Skill      XL: |  1 |
---------------+----+-----
Fighting       | 4 |  4.3
Armour         | 4 |  4.6
Shields        | 4 |  4.6
Axes           | |  2.8
Dodging        | |  0.2

Action                   || total
-------------------------++-------
Melee: War axe           ||    20
  Use: Potion            ||     2
Armor: Scale mail        ||     7
Dodge: Dodged            ||    12
Block: Shield            ||     7
